 Dungeon Crawl Stone Soup version 0.31.0-32-g396128a36d (webtiles) character file.

Game seed: 10208078046865607903

977 Neurodivergent the Changeling (level 8, -2/55 HPs)
             Began as an Octopode Shapeshifter on Apr 5, 2024.
             Was an Initiate of Makhleb.
             Slain by an orc wizard
             ... wielding a +0 dagger
              (4 damage)
             ... on level 6 of the Dungeon.
             The game lasted 00:08:12 (5636 turns).

Neurodivergent the Changeling (OpSh)                Turns: 5636, Time: 00:08:13

Health: -2/55      AC:  1    Str: 13    XL:     8   Next: 17%
Magic:  18/18      EV: 13    Int: 21    God:    Makhleb [......]
Gold:   355        SH:  0    Dex: 11    Spells: 6/9 levels left

rFire   . . .        f - +2 whip (elec)
rCold   . . .        (no shield)
rNeg    . . .        (helmet currently unavailable)
rPois   .            (no amulet)
rElec   .            L - ring of flight
rCorr   .            I - +6 ring of intelligence
SInv    .            M - ring of magical power
Will    .....        (no ring)
Stlth   ++           (no ring)
HPRegen 0.29/turn    (no ring)
MPRegen 0.16/turn    (no ring)
                     (no ring)

%: no passive effects
@: beast-form, flying
A: beast (slay +3), almost no armour, amphibious, 8 rings, camouflage 1,
gelatinous body 1, (nimble swimmer 1), tentacles
a: Begin Untransformation, Renounce Religion


You were on level 6 of the Dungeon.
You worshipped Makhleb.
Makhleb was noncommittal.
You were a hulking beast.
You visited 2 branches of the dungeon, and saw 7 of its levels.

You collected 355 gold pieces.


Innate Abilities, Weirdness & Mutations

You are a hulking beast.
Your limbs bulge with bestial killing power. (Slay +3)
You cannot wear most types of armour.
You are amphibious.
You can wear up to eight rings at the same time.
Your skin changes colour to match your surroundings (Stealth+).
Your rubbery body absorbs attacks. (AC +1, EV +1)
((You are camouflaged when in or above water. (Stealth+)))
You have tentacles for arms and can constrict up to eight enemies at once.


   Skills:
 - Level 5.0 Fighting
 - Level 2.0 Dodging
 + Level 3.4 Unarmed Combat
 - Level 1.0 Spellcasting
 - Level 4.0 Ice Magic
 + Level 6.2 Shapeshifting


You had 6 spell levels left.
You knew the following spells:

 Your Spells              Type           Power      Damage    Failure   Level
o - Ozocubu's Armour      Ice            17%        N/A       10%         3

Your spell library contained the following spells:

 Spells                   Type           Power      Damage    Failure   Level
 Apportation              Tloc           2%         N/A       16%         1
 Necrotise                Necr           4%         1d4       16%         1
 Sting                    Conj/Alch      4%         1d3       16%         1
 Summon Small Mammal      Summ           4%         N/A       16%         1
 Hailstorm                Conj/Ice       9%         3d6       22%         3
 Summon Ice Beast         Ice/Summ       9%         N/A       22%         3
 Call Imp                 Summ           2%         N/A       24%         2
 Sublimation of Blood     Necr           1%         N/A       24%         2
 Volatile Blastmotes      Fire/Tloc      2%         2d10      43%         3
 Fulminant Prism          Conj/Alch      0%         3d5       85%         4
 Iskenderun's Mystic Bla  Conj/Tloc      1%         2d3       85%         4
 Metabolic Englaciation   Hex/Ice        4%         N/A       89%         5
 Sculpt Simulacrum        Ice/Alch       4%         N/A       100%        6
 Summon Hydra             Summ           0%         N/A       100%        7

Inventory:

Hand Weapons
 f - a +2 whip of electrocution (weapon)
Missiles
 d - 16 poisoned darts (quivered)
Magical Staves
 m - a staff of death {!a}
 r - a staff of earth {!a}
Jewellery
 I - a +6 ring of intelligence (right tentacle)
 L - a ring of flight (left tentacle)
 M - a ring of magical power (on tentacle)
Talismans
 b - a beast talisman
 c - a flux talisman
Wands
 u - a wand of light (12)
 x - a wand of roots (13)
Scrolls
 h - a scroll of acquirement {unknown}
 k - a scroll of teleportation {unknown}
 l - 3 scrolls of identify {unknown}
 n - 6 scrolls of fog {unknown}
 o - a scroll of amnesia {unknown}
 s - a scroll of vulnerability {unknown}
 t - a scroll of revelation {unknown}
 w - a scroll of blinking {unknown}
 y - a scroll of poison {unknown}
 B - a scroll of enchant armour {unknown}
 C - a scroll of enchant weapon {unknown}
Potions
 a - 2 potions of lignification
 e - 2 potions of heal wounds {unknown}
 g - 3 potions of curing {unknown}
 i - 2 potions of attraction {unknown}
 j - 3 potions of berserk rage {unknown}
 p - 2 potions of haste {unknown}
 q - a potion of resistance {unknown}
 v - 2 potions of magic {unknown}
 z - a potion of cancellation {unknown}
 A - a potion of ambrosia {unknown}

Dungeon Overview and Level Annotations

Branches:
Dungeon (6/15)             Temple (1/1) D:5

Altars:
Dithmenos
Elyvilon
Fedhas
Hepliaklqana
Kikubaaqudgha
Makhleb
Nemelex Xobeh
Qazlal
Sif Muna
Trog
Vehumet
Wu Jian
Yredelemnul
Zin
The Shining One

Shops:
D:4

?
##################
......[.h........#
#######{########.#
#o# #.# #†#
#####.## #.#
#......####### #.#
#.###........# #.#
#.# #.######.#
##.####.# #.# #..
#o.)....#
#.######..


You could see an orc.


Message History

The orc wizard gestures wildly while chanting.
The orc wizard flickers and vanishes!
Unknown command.
You see here a hound corpse.
You start resting.
You hear the rapid rusting of a drain nearby.
No target in view!
No target in view!
Unknown command.
A magic dart appears from out of thin air!
The magic dart hits you.
Unknown command.
You hear a zap.
A bolt of light appears from out of thin air!
The bolt of light hits you!!
You are confused.
* * * LOW HITPOINT WARNING * * *
The orc barely misses you.
You bump into the rock wall.
Something hits you.
* * * LOW HITPOINT WARNING * * *
Unknown command.
You're too confused to cast spells.
You're too confused to move!
You feel less confused.
The orc hits you from afar with the +5 Force Lance {heavy, knockback}.
* * * LOW HITPOINT WARNING * * *
Something hits you.
* * * LOW HITPOINT WARNING * * *
You whack something! Something hits you.
You die...

Skill      XL: |  1  2  3  4  5  6  7  8 |
---------------+-------------------------+-----
Fighting       | 2 3 4 5 |  5.0
Shapeshifting  | 4 5 6 |  6.2
Ice Magic      | 2 4 |  4.0
Spellcasting   | 1 |  1.0
Dodging        | |  2.0
Unarmed Combat | |  3.4

Action                     |  1- 3 |  4- 6 |  7- 9 || total
---------------------------+-------+-------+-------++-------
  Melee: Unarmed           |    21 |       |       ||    21
         Constrict         |    10 |    21 |    15 ||    46
         Tentacles         |     9 |    13 |    15 ||    37
         Whip              |    44 |    92 |    55 ||   191
         Punch             |       |     2 |     2 ||     4
  Throw: Dart              |     2 |     3 |     2 ||     7
   Cast: Ozocubu's Armour  |       |       |     4 ||     4
   Stab: Sleeping          |    13 |     7 |     4 ||    24
 Armour: Skin              |    19 |    52 |    34 ||   105
  Dodge: Dodged            |    25 |    54 |    39 ||   118

Levels and vault maps discovered:
D:1:      sevenhm_arrival_forest_fort_small_5, layout_loops_ring
D:2:      layout_loops_cross, grunt_ministairs_11
D:3:      layout_loops_ring
D:4:      layout_rooms, serial_shops, nicolae_take_the_stairs
D:5:      layout_basic, minmay_temple_entry_large_hall, uniq_edmund
D:6:      layout_loops_ring, hellmonk_okawaru_the_only_friend_you_need,
          cheibrodos_sewer_entry_bend, roderic_roman_lattice, uniq_pikel
Temple:   nicolae_temple_bog_church

Notes
Turn   | Place    | Note
-------+----------+-------------------------------------------
     0 | D:1      | Neurodivergent the Octopode Shapeshifter began the quest
                  | for the Orb.
     0 | D:1      | Reached XP level 1. HP: 13/13 MP: 1/1
   115 | D:1      | Reached skill level 2 in Fighting
   115 | D:1      | Reached XP level 2. HP: 16/19 MP: 2/2
   437 | D:1      | Reached XP level 3. HP: 25/25 MP: 3/3
   479 | D:1      | Reached skill level 3 in Fighting
  1147 | D:2      | Reached XP level 4. HP: 30/31 MP: 4/4
  2306 | D:4      | Reached XP level 5. HP: 7/37 MP: 5/5
  2527 | D:3      | Reached skill level 4 in Fighting
  2527 | D:3      | Reached skill level 4 in Shapeshifting
  2848 | D:4      | Found Atautelu's Magic Scroll Emporium.
  3011 | D:4      | Reached XP level 6. HP: 12/44 MP: 6/6
  3168 | D:4      | HP: 1/45 [iguana (14)]
  3170 | D:4      | Reached skill level 5 in Fighting
  3372 | D:4      | Learned a level 3 spell: Ozocubu's Armour
  3615 | D:4      | Reached skill level 1 in Ice Magic
  3615 | D:4      | Reached skill level 5 in Shapeshifting
  3777 | D:5      | Entered Level 5 of the Dungeon
  3801 | D:5      | Reached skill level 2 in Ice Magic
  3801 | D:5      | Reached XP level 7. HP: 50/50 MP: 7/7
  3843 | D:5      | Found a staircase to the Ecumenical Temple.
  3855 | Temple   | Entered the Ecumenical Temple
  3875 | Temple   | Became a worshipper of Makhleb the Destroyer
  4121 | D:5      | Reached skill level 3 in Ice Magic
  4460 | D:5      | Reached skill level 1 in Spellcasting
  4510 | D:5      | Noticed Edmund
  4515 | D:5      | Killed Edmund
  4911 | D:5      | Reached skill level 4 in Ice Magic
  4998 | D:6      | Reached XP level 8. HP: 33/55 MP: 9/9
  5233 | D:6      | Reached skill level 6 in Shapeshifting
  5635 | D:6      | HP: 4/55 [orc/the +5 Force Lance {heavy, knockback} (6)]
  5636 | D:6      | Slain by an orc wizard

Vanquished Creatures
  Edmund (D:5)
  An ogre (D:4)
  A phantom (D:5)
  A gnoll sergeant (D:6)
  A bombardier beetle (D:5)
  5 hounds
  An orc priest (D:4)
  A jelly (D:5)
  A sleepcap (D:5)
  5 iguanas
  3 orc wizards
  3 adders
  5 gnolls (D:6)
  A dart slug (D:1)
  10 orcs
  5 ball pythons
  5 bats
  8 endoplasms
  3 giant cockroaches
  8 goblins
  6 hobgoblins
  10 jackals
  A quokka (D:4)
  3 frilled lizards
  14 kobolds
  4 rats
107 creatures vanquished.

Table legend: (Time is in decaauts)
 A = Elapsed time spent in this place.
 B = Non-inter-level travel time spent in this place.
 C = Inter-level travel time spent in this place.
 D = Time resting spent in this place.
 E = Time spent auto-exploring this place.
 F = Levels seen in this place.
 G = Mean time per level.
                   A        B        C        D        E       F      G
               +--------+--------+--------+--------+--------+-----+--------+
         Total |   5655 |   5467 |    188 |   1360 |   3293 |   7 |  807.9 |
       Dungeon |   5615 |   5467 |    148 |   1360 |   3293 |   6 |  935.8 |
        Temple |     40 |      1 |     39 |      0 |      0 |   1 |   40.0 |
               +--------+--------+--------+--------+--------+-----+--------+

Top non-repeatable levels by time:
     D:3: 1393 daAuts
     D:5: 1382 daAuts
     D:4: 1003 daAuts
     D:1: 718 daAuts
     D:2: 676 daAuts
     D:6: 441 daAuts
  Temple: 40 daAuts

Table legend:
 A = Non-vault XP
 B = Vault XP
 C = Vault XP percentage of total XP
 D = Non-vault monster count
 E = Vault monster count
 F = Vault count percentage of total count
                 A         B        C        D         E       F
            +---------+---------+-------+---------+---------+-------
      Total |    1225 |     172 |  12.3 |     104 |       3 |   2.8
            +---------+---------+-------+---------+---------+-------
        D:1 |      41 |       0 |   0.0 |      25 |       0 |   0.0
        D:2 |      48 |       3 |   5.9 |      15 |       2 |  11.8
        D:3 |      73 |       0 |   0.0 |      21 |       0 |   0.0
        D:4 |     424 |       0 |   0.0 |      20 |       0 |   0.0
        D:5 |     355 |     169 |  32.3 |      10 |       1 |   9.1
        D:6 |     284 |       0 |   0.0 |      13 |       0 |   0.0
            +---------+---------+-------+---------+---------+-------
